Map: Dash and Terminal LE (Void)

Players

CunningStunt

  • Race: Protoss Protoss
  • League: Gold

Kire - Winner!

  • Race: Protoss Protoss
  • League: Gold

VOD

Have the link to the VOD?

Description

Time

  • Played on: Sept. 8, 2015, 10:07 p.m.
  • Length: 5:49
Show
View Real Time Build Order
Export as new Build Order

CunningStunt Protoss 

Build Orders: 1 Gate Expand 

Get SALT Encoding   

  12  0:00  Probe (Chrono Boost)  
  13  0:10  Probe (Chrono Boost)  
  14  0:18  Pylon  
  14  0:21  Probe (Chrono Boost)  
  15  0:36  Probe (Chrono Boost)  
  15  0:38  Gateway  
  16  0:46  Probe (Chrono Boost)  
  17  0:56  Probe (Chrono Boost)  
  18  1:06  Probe (Chrono Boost)  
  19  1:21  Nexus  
  19  1:23  Probe (Chrono Boost)  
  20  1:32  Gateway  
  20  1:41  Zealot  
  20  1:42  Probe (Chrono Boost)  
  23  1:53  Pylon  
  23  1:57  Cybernetics Core  
  23  2:11  Probe (Chrono Boost)  
  23  2:15  Zealot  
  26  2:20  Zealot  
  26  2:21  Probe (Chrono Boost)  
  29  2:34  Probe x2 (Chrono Boost)  
  31  2:44  Probe (Chrono Boost)  
  31  2:46  Pylon  
  31  2:48  Probe (Chrono Boost)  
  31  2:50  Assimilator  
  33  2:52  Assimilator  
  33  2:54  Probe (Chrono Boost), Assimilator  
  33  2:56  Zealot  
  36  2:58  Zealot  
  36  3:00  Probe (Chrono Boost)  
  39  3:06  Probe (Chrono Boost)  
  40  3:13  Assimilator  
  40  3:23  Probe x2 (Chrono Boost)  
  42  3:28  Pylon  
  42  3:31  Warp Gate  
  42  3:33  Probe (Chrono Boost)  
  43  3:45  Mothership Core (Chrono Boost)  
  45  3:49  Adept  
  45  3:51  Adept  
  43  4:16  Probe x2 (Chrono Boost)  
  40  4:26  Probe x2 (Chrono Boost)  
  40  4:31  Gateway  
  42  4:36  Probe (Chrono Boost)  
  42  4:37  Stalker x2  
  47  4:39  Gateway  
  47  4:42  Robotics Facility  
  47  4:45  Pylon  
  46  4:47  Probe x2 (Chrono Boost)  
  48  4:57  Probe (Chrono Boost)  
  31  5:29  Gateway x2  
  31  5:30  Gateway  
  29  5:37  Stalker x3  
  29  5:38  Stalker  
Show
View Real Time Build Order
Export as new Build Order

Kire Protoss - Winner!

Build Orders:  

Get SALT Encoding   

  12  0:01  Probe (Chrono Boost)  
  13  0:11  Probe (Chrono Boost)  
  14  0:21  Probe (Chrono Boost)  
  14  0:23  Pylon  
  15  0:36  Assimilator  
  15  0:41  Probe (Chrono Boost)  
  16  0:47  Gateway  
  16  0:51  Probe (Chrono Boost)  
  17  1:01  Probe (Chrono Boost)  
  18  1:07  Assimilator  
  18  1:11  Probe (Chrono Boost)  
  18  1:15  Assimilator  
  19  1:20  Assimilator  
  19  1:22  Probe (Chrono Boost)  
  20  1:32  Probe (Chrono Boost)  
  21  1:38  Cybernetics Core  
  21  1:46  Probe (Chrono Boost)  
  22  1:55  Gateway  
  22  2:03  Pylon  
  22  2:09  Warp Gate (Chrono Boost)  
  22  2:21  Adept  
  24  2:35  Gateway  
  24  2:42  Adept  
  26  2:46  Pylon  
  26  2:50  Adept  
  28  2:56  Mothership Core  
  30  3:12  Gateway  
  30  3:23  Adept  
  30  3:25  Adept  
  30  3:26  Adept  
  36  4:08  Adept  
  38  4:17  Pylon  
  38  4:20  Pylon  
  36  4:27  Stalker  
  38  4:45  Stalker x3  
  42  5:10  Adept x4  
  42  5:31  Probe  
  41  5:43  Nexus  
  41  5:46  Pylon  
Tags
 
Add a new tag
Caveats
  • Supply blocks, unpowered buildings, or Contaminate may cause inaccurate times.
  • Supply counts are checked every 10 seconds.